 Dungeon Crawl Stone Soup version 0.18-a0-1788-g92de1ac (webtiles) character file.

275 MrRokkomies the Skirmisher (level 6, -1/71 HPs)
             Began as an Ogre Hunter on Apr 21, 2016.
             Was a Follower of Okawaru.
             Slain by an orc wizard
             ... wielding a +0 dagger
              (2 damage)
             ... on level 3 of the Dungeon.
             The game lasted 00:08:17 (3626 turns).

MrRokkomies the Skirmisher (Ogre Hunter)            Turns: 3626, Time: 00:08:18

Health: -1/71      AC:  3    Str: 18    XL:     6   Next: 24%
Magic:  6/6        EV: 13    Int: 11    God:    Okawaru [*.....]
Gold:   96         SH:  0    Dex: 11    Spells: 0 memorised, 5 levels left

rFire  + . .     SeeInvis .     a - +0 flail
rCold  . . .     Gourm    .     b - +0 robe
rNeg   . . .     Faith    .     (no shield)
rPois  .         Spirit   .     (helmet restricted)
rElec  .         Dismiss  .     (no cloak)
rCorr  .         Reflect  .     (gloves unavailable)
SustAt .         Harm     .     (boots unavailable)
MR     .....                    e - amulet of magic regeneration
Stlth  +.........               s - ring of protection from fire
                                p - +3 ring of evasion

@: slowed, very slow, not resistant to hostile enchantments, very unstealthy
A: unfitting armour, tough skin 1
a: Heroism, Renounce Religion


You were on level 3 of the Dungeon.
You worshipped Okawaru.
Okawaru was aware of your devotion.
You were not hungry.

You visited 1 branch of the dungeon, and saw 3 of its levels.

You collected 96 gold pieces.

Inventory:

Hand Weapons
 a - a +0 flail (weapon)
Missiles
 d - 2 throwing nets (quivered)
 k - 30 poisoned needles
Armour
 b - a +0 robe (worn)
Jewellery
 e - an amulet of magic regeneration (around neck)
 p - a +3 ring of evasion (left hand)
 s - a ring of protection from fire (right hand)
Scrolls
 t - a scroll of teleportation {unknown}
 u - 2 scrolls of magic mapping
 v - a scroll of remove curse
Potions
 i - a potion of flight {unknown}
 l - a potion of agility {unknown}
Comestibles
 f - a bread ration
 g - a slice of pizza
 j - 3 fruits
 n - a meat ration
 q - a beef jerky


   Skills:
 * Level 7.0 Fighting
 * Level 4.3 Maces & Flails
 - Level 4.0 Throwing
 - Level 1.7 Dodging
 - Level 0.7 Stealth


You had 5 spell levels left.
You didn't know any spells.

Dungeon Overview and Level Annotations

Branches:
Dungeon (3/15)

Altars:
Okawaru
Yredelemnul


Innate Abilities, Weirdness & Mutations

You are too large for most types of armour.
You have tough skin (AC +1).


Message History

The orc wizard gestures wildly while chanting.
The orc wizard blinks!
The orc priest invokes the aid of Beogh against you.
You struggle to resist.
The orc wizard completely misses you. The orc wizard hits you with a dagger.
* * * LOW HITPOINT WARNING * * *
The orc priest closely misses you. The orc wizard hits you with a dagger.
* * * LOW HITPOINT WARNING * * *
Throwing (i - inventory):
d - 3 throwing nets (quivered)
Press: ? - help, Shift-Dir - straight line, f/p - orc priest
Aim: an orc priest, wielding a dagger (severely wounded)
You throw a throwing net. The throwing net hits the orc priest.
The orc priest is caught in the net!
The orc priest is severely wounded.
The orc wizard closely misses you.
The orc priest struggles against the net.
The orc wizard hits you with a dagger.
* * * LOW HITPOINT WARNING * * *
The orc wizard hits you with a dagger.
You die...

...,,,* #....#.###o..,,,*
...,,,* #....+..,...######
...,,,* #....#.#*#).[....#
###+****#....#.###.......#
,,,,,,,,+................#
***..***#.......###......#
####.#* #.....§..##......#
......# #####..§§o(......#
......#####...)o@###.....#******
...............#§o§'.....+,,,,,*
.......####.##.#####.....#****,*
............##.# #...(.# *,*
........######.##**####### *,*
......#.## #...,,,..# *,*
....).#..# #..#####.#######**,*
......##'####..#............,,,*
...........##.......8....#******


You could see an orc priest (caught) and 2 orc wizards.

Vanquished Creatures
  4 orc priests (D:3)
  An orc wizard (D:3)
  3 adders
  A worm (D:3)
  2 dart slugs (D:1)
  6 giant geckos
  11 orcs (D:3)
  2 ball pythons (D:2)
  10 bats
  4 giant cockroaches
  10 goblins
  8 hobgoblins
  4 jackals (D:1)
  2 quokkas (D:2)
  6 giant newts
  5 kobolds
  4 rats
83 creatures vanquished.

Notes
Turn   | Place    | Note
--------------------------------------------------------------
     0 | D:1      | MrRokkomies the Ogre Hunter began the quest for the Orb.
     0 | D:1      | Reached XP level 1. HP: 22/22 MP: 1/1
     6 | D:1      | Reached skill level 3 in Fighting
    73 | D:1      | Reached XP level 2. HP: 16/31 MP: 2/2
   168 | D:1      | Reached skill level 4 in Fighting
   355 | D:1      | Reached XP level 3. HP: 24/40 MP: 3/3
   975 | D:1      | Reached skill level 5 in Fighting
  1090 | D:2      | Found a basalt altar of Yredelemnul.
  1567 | D:2      | Reached XP level 4. HP: 50/50 MP: 4/4
  1594 | D:2      | Reached skill level 1 in Maces & Flails
  2516 | D:3      | Reached skill level 6 in Fighting
  2516 | D:3      | Reached XP level 5. HP: 54/59 MP: 5/5
  3021 | D:3      | Reached XP level 6. HP: 52/68 MP: 6/6
  3170 | D:3      | Found a faded altar to an unknown god.
  3194 | D:3      | Became a worshipper of Warmaster Okawaru
  3194 | D:3      | Reached * piety under Okawaru
  3496 | D:3      | Reached skill level 7 in Fighting
  3626 | D:3      | HP: 1/71 [orc wizard/dagger (3)]
  3626 | D:3      | Slain by an orc wizard

Vault maps used:
D:1:      scummos_arrival_checkerplants, minmay_misc_feat_tower
D:2:      serial_bayou_ford_a, yredelemnul_altar_generic
D:3:      ecumenical_altar_2, first_bread

Skill      XL: |  1  2  3  4  5  6 |
---------------+-------------------+-----
Fighting       | 3 4 5 6 7 |  7.0
Maces & Flails | 2 4 |  4.3
Throwing       | |  4.0
Dodging        | |  1.7
Stealth        | |  0.7

Action                   |  1- 3 |  4- 6 || total
-------------------------+-------+-------++-------
Melee: Short sword       |   142 |       ||   142
       Mace              |    17 |    50 ||    67
       Flail             |       |    94 ||    94
Throw: Large rock        |     4 |    13 ||    17
       Throwing net      |       |     1 ||     1
  Use: Scroll            |     3 |     6 ||     9
       Potion            |       |     3 ||     3
 Stab: Sleeping          |     3 |     2 ||     5
  Eat: Chunk             |     2 |     7 ||     9
Armor: Robe              |    48 |    28 ||    76
Dodge: Dodged            |   109 |   130 ||   239
